 Dungeon Crawl Stone Soup version 0.19-a0-475-gfca3800 (webtiles) character file.

2928 Bodrick the Martial Artist (level 9, -1/43 HPs)
             Began as a Vine Stalker Monk on June 4, 2016.
             Was a Follower of Ru.
             Succumbed to a water moccasin's poison
             ... on level 8 of the Dungeon.
             The game lasted 00:25:18 (6764 turns).

Bodrick the Martial Artist (Vine Stalker Monk)      Turns: 6764, Time: 00:25:19

Health: -1/43      AC:  2    Str: 14    XL:     9   Next: 79%
Magic:  0/10       EV: 13    Int: 11    God:    Ru [*.....]
Gold:   342        SH:  0    Dex: 19    Spells: 0 memorised, 8 levels left

rFire  . . .     SeeInvis .       - Unarmed
rCold  + . .     Gourm    .     a - +0 robe
rNeg   . . .     Faith    .     (no shield)
rPois  .         Spirit   +     (no helmet)
rElec  .         Dismiss  .     (no cloak)
rCorr  .         Reflect  .     (no gloves)
SustAt .         Harm     .     (no boots)
MR     +....                    v - amulet of regeneration
Stlth  ++........               g - ring of protection from cold
                                f - +4 ring of protection

@: lethally poisoned (-1 -> -17), corroded, somewhat resistant to hostile
enchantments, unstealthy
A: fangs 3, regeneration 2, magic shield, antimagic bite, no device heal 3, rot
immunity, unskilled 1
a: Renounce Religion


You were on level 8 of the Dungeon.
You worshipped Ru.
Ru was aware of your devotion.
You were not hungry.

You visited 2 branches of the dungeon, and saw 9 of its levels.

You collected 450 gold pieces.
You spent 108 gold pieces at shops.

Inventory:

Missiles
 d - 175 stones (quivered)
Armour
 a - a +0 robe (worn)
Jewellery
 f - a +4 ring of protection (left hand)
 g - a ring of protection from cold (right hand)
 v - an amulet of regeneration (around neck)
 w - an uncursed ring of protection from magic
Wands
 H - a wand of iceblast (15/15)
Scrolls
 c - 5 scrolls of remove curse
 h - 5 scrolls of recharging
 j - 3 scrolls of random uselessness
 k - 2 scrolls of fog {unknown}
 n - 2 scrolls of fear {unknown}
 q - 3 scrolls of amnesia {unknown}
 r - 2 scrolls of enchant armour {unknown}
 s - 3 scrolls of magic mapping {unknown}
 u - 3 scrolls of teleportation
 y - a scroll of enchant weapon {unknown}
 J - a scroll of noise
Potions
 e - a potion of degeneration {unknown}
 l - 2 potions of brilliance
 o - a potion of lignification
 p - a potion of berserk rage {unknown}
 A - a potion of magic
 B - a potion of ambrosia
 C - 2 potions of flight
 E - 3 potions of haste
 F - 2 potions of resistance
 I - a potion of might {unknown}
 K - a potion of heal wounds {unknown}
Books
 m - a book of Necromancy

   Spells                             Type                      Level
   a - Pain                           Necromancy                   1
   b - Animate Skeleton               Necromancy                   1
   c - Vampiric Draining              Necromancy                   3
   d - Regeneration                   Charms/Necromancy            3
   e - Animate Dead                   Necromancy                   4
   f - Control Undead                 Necromancy                   4
Comestibles
 b - 7 bread rations
 i - 3 meat rations
 t - 2 beef jerkies
 D - 8 fruits
 G - 3 chunks of flesh


   Skills:
 - Level 2.4 Fighting
 - Level 2.1 Dodging
 - Level 2.1 Stealth
 + Level 12.3 Unarmed Combat


You had 8 spell levels left.
You didn't know any spells.

Dungeon Overview and Level Annotations

Branches:
Dungeon (8/15)             Temple (1/1) D:4
   Lair: D:8-11

Altars:
Ashenzari
Dithmenos
Elyvilon
Fedhas
Gozag
Hepliaklqana
Kikubaaqudgha
Makhleb
Nemelex Xobeh
Okawaru
Qazlal
Ru
Sif Muna
Trog
Uskayaw
Vehumet
Xom
Yredelemnul
Zin
The Shining One

Shops:
D:5 %   D:8 ?

Annotations:
D:8 Joseph


Innate Abilities, Weirdness & Mutations

You have razor-sharp teeth.
You heal very quickly.
When hurt, damage is shared between your health and your magic reserves.
Your bite disrupts and absorbs the magic of your enemies.
Potions and wands cannot restore your health.
You are immune to rotting.
You are somewhat unskilled. (-1 Apt)


Message History

The water moccasin poisons you!
You hit the jelly.
You kill the jelly!
* * * LOW HITPOINT WARNING * * *
You feel very sick.
The water moccasin is stunned by your will and fails to attack.
Unknown command.
It was a potion of mutation.
You feel extremely strange.
Your fingernails lengthen.
Your body twists and deforms.
Your fingernails sharpen.
* * * LOW HITPOINT WARNING * * *
You feel very sick. The water moccasin bites you.
* * * LOW MAGIC WARNING * * *;
* * * LOW HITPOINT WARNING * * *
The water moccasin barely misses you.
Unknown command.
It was a potion of cure mutation.
It has a very clean taste.
Your body's shape seems more normal.
Your fingernails look duller.
Your fingernails shrink to normal size.
You die...

.... ......#
####.#.###.....#.
...........?....
#..#...#.#.....
#######..#.##......#
.................#
#######..#.....###
..............oS.#
######.......#o#@#
#.#...#.#o#)#.#.#
#>.......#.......#
....#.#####.#.#.#...
........ ........
#####...#####.###.#.
..... ..# .... ..
...#### ##... #.#
#.#.###.#.......
..... ..#
#.#.#...#.......


You could see a water moccasin and an orc.

Vanquished Creatures
  The ghost of Amnesiac the Basher, a novice OgGl (D:4)
  Prince Ribbit (D:7)
  A sky beast (D:6)
  2 ice beasts (D:7)
  A black bear (D:7)
  A phantom (D:6)
  An ogre (D:5)
  The ghost of Bodrick the Chiller, an amateur MfIE of Okawaru (D:3)
  2 centaurs
  6 giant frogs
  A water moccasin skeleton (D:6)
  5 killer bees (D:7)
  2 crimson imps (D:6)
  A centaur zombie (D:6)
  6 hounds
  A jelly (D:8)
  2 orc priests
  A centaur skeleton (D:8)
  2 iguanas
  4 orc wizards
  5 worker ants
  A killer bee zombie (D:7)
  A hound skeleton (D:7)
  6 gnolls
  4 adders
  4 oozes
  An adder zombie (D:6)
  An adder skeleton (D:7)
  3 worms
  2 dart slugs (D:1)
  4 giant geckos
  11 orcs
  10 bats
  5 giant cockroaches
  7 hobgoblins
  13 jackals
  3 kobolds
  7 quokkas
  A giant gecko skeleton (D:6)
  7 giant newts
  12 goblins
  A jackal skeleton (D:6)
  3 rats
154 creatures vanquished.

Vanquished Creatures (others)
  An orc wizard (D:4)
1 creature vanquished.

Grand Total: 155 creatures vanquished

Notes
Turn   | Place    | Note
--------------------------------------------------------------
     0 | D:1      | Bodrick the Vine Stalker Monk began the quest for the Orb.
     0 | D:1      | Reached XP level 1. HP: 11/11 MP: 2/2
    36 | D:1      | Reached XP level 2. HP: 5/16 MP: 1/3
   322 | D:1      | Reached XP level 3. HP: 16/19 MP: 4/4
   371 | D:1      | Reached skill level 5 in Unarmed Combat
  1418 | D:2      | Reached XP level 4. HP: 19/23 MP: 5/5
  1892 | D:2      | Reached skill level 6 in Unarmed Combat
  2097 | D:3      | Reached XP level 5. HP: 27/27 MP: 6/6
  2194 | D:3      | Noticed Bodrick's ghost (amateur MfIE)
  2220 | D:3      | Killed Bodrick's ghost
  2381 | D:3      | Found a faded altar of an unknown god.
  2751 | D:3      | Found an iron altar of Okawaru.
  2751 | D:3      | Found a glowing golden altar of the Shining One.
  2840 | D:4      | Found Mesheis's Gadget Boutique.
  2851 | D:4      | Reached skill level 7 in Unarmed Combat
  2851 | D:4      | Gained mutation: You heal very quickly. [Vine Stalker growth]
  2851 | D:4      | Reached XP level 6. HP: 29/32 MP: 7/7
  2868 | D:4      | Found a staircase to the Ecumenical Temple.
  2875 | Temple   | Entered the Ecumenical Temple
  2942 | Temple   | Became a worshipper of Ru the Awakened
  2944 | Temple   | Gained mutation: You are somewhat unskilled. (-1 Apt) [Ru sacrifice]
  2944 | Temple   | Reduced skill Unarmed Combat to level 6
  2944 | Temple   | Reached * piety under Ru
  3404 | D:4      | Noticed Amnesiac's ghost (novice OgGl)
  3494 | D:4      | Reached skill level 7 in Unarmed Combat
  3854 | D:4      | Killed Amnesiac's ghost
  3854 | D:4      | Reached skill level 8 in Unarmed Combat
  3854 | D:4      | Reached XP level 7. HP: 6/35 MP: 0/8
  3925 | D:4      | Found a hazy altar of Hepliaklqana.
  3936 | D:4      | Found a shattered altar of Ashenzari.
  3937 | D:4      | Found a hide-covered altar of Uskayaw.
  3940 | D:4      | Found a white marble altar of Elyvilon.
  3981 | D:5      | Entered Level 5 of the Dungeon
  4173 | D:5      | Found Qegayh's Food Shoppe.
  4304 | D:5      | Reached skill level 9 in Unarmed Combat
  4304 | D:5      | Gained mutation: You have razor-sharp teeth. [Vine Stalker growth]
  4304 | D:5      | Reached XP level 8. HP: 28/39 MP: 5/9
  4856 | D:6      | Found a basalt altar of Yredelemnul.
  5032 | D:6      | Found a shadowy altar of Dithmenos.
  5079 | D:6      | Reached skill level 10 in Unarmed Combat
  5639 | D:7      | Reached XP level 9. HP: 38/43 MP: 10/10
  5868 | D:7      | Reached skill level 11 in Unarmed Combat
  5885 | D:7      | Noticed Prince Ribbit
  5900 | D:7      | Killed Prince Ribbit
  6071 | D:7      | Reached skill level 12 in Unarmed Combat
  6303 | D:7      | Found a bloodstained altar of Trog.
  6583 | D:8      | Noticed Joseph
  6692 | D:8      | Found Aresayl's Magic Scroll Boutique.
  6699 | D:8      | Bought a scroll of random uselessness for 12 gold pieces
  6699 | D:8      | Bought a scroll of noise for 12 gold pieces
  6699 | D:8      | Bought a scroll of teleportation for 36 gold pieces
  6699 | D:8      | Bought a scroll of identify for 24 gold pieces
  6699 | D:8      | Bought a scroll of identify for 24 gold pieces
  6763 | D:8      | Gained mutation: You have sharp fingernails. [potion of mutation]
  6763 | D:8      | Gained mutation: Armour fits poorly on your strangely shaped body. [potion of mutation]
  6763 | D:8      | Gained mutation: You have very sharp fingernails. [potion of mutation]
  6763 | D:8      | HP: 2/43 [poisoned by a water moccasin]
  6764 | D:8      | Lost mutation: Armour fits poorly on your strangely shaped body. [potion of cure mutation]
  6764 | D:8      | Lost mutation: You have very sharp fingernails. [potion of cure mutation]
  6764 | D:8      | Lost mutation: You have sharp fingernails. [potion of cure mutation]
  6764 | D:8      | Succumbed to a water moccasin's poison

Vault maps used:
D:1:      matt_arrival_spirals
D:2:      lemuel_upstairs_altar
D:3:      gammafunk_temple_overflow_wave, ecumenical_altar_2, minmay_box_of_dots
D:4:      minitemple, minmay_temple_entry_purple_smoke, serial_shops,
          nicolae_shop_stone, first_bread
D:5:      serial_shops, shop, corexii_shack
D:6:      kennysheep_little_box, grunt_dithmenos_shadows
D:7:      marbit_many_paths, uniq_prince_ribbit1
D:8:      cheibriados_altar_1, kennysheep_mini, serial_shops,
          nicolae_shop_waterfront, nicolae_ossuary_entry_ruins,
          hangedman_little_slice_of_home, uniq_joseph
Temple:   oiseaux_autumnal_temple_12

Skill      XL: |  1  2  3  4  5  6  7  8  9 |
---------------+----------------------------+-----
Unarmed Combat | 5 6 7 8 9 10 12 | 12.3
Fighting       | |  2.4
Dodging        | |  2.1
Stealth        | |  2.1

Action                   |  1- 3 |  4- 6 |  7- 9 || total
-------------------------+-------+-------+-------++-------
Melee: Unarmed           |    93 |   180 |   287 ||   560
       Bite              |    22 |    56 |    92 ||   170
       Punch             |     4 |     4 |    11 ||    19
Invok: Sacrifice Skill   |       |     1 |       ||     1
  Use: Potion            |       |     1 |     2 ||     3
       Scroll            |       |       |     9 ||     9
 Stab: Sleeping          |    10 |     6 |    11 ||    27
       Distracted        |       |       |     2 ||     2
  Eat: Chunk             |     1 |     8 |    10 ||    19
Armor: Robe              |    10 |    35 |    65 ||   110
       Skin              |       |     6 |       ||     6
Dodge: Dodged            |    44 |    80 |   135 ||   259
